[ AOE2 MATCH · #489064520 ]
UnrankedKhitans vs Franks
[ REPLAY ANALYSIS · EXTRACTED FROM THE RECORDED GAME ]
Feudal
10:07
Castle
14:14
Imperial
34:23
| APM avg | 36.9 |
| APM peak | 62 |
| eAPM avg | 21.8 |
| Villagers / military | 93 / 102 |
Focus
⚔️ 32.0% · 🌾 68.0%
Steppe Lancer ×53 · Camel Scout ×49
Feudal
11:28
Castle
14:58
Imperial
34:22
| APM avg | 41.4 |
| APM peak | 71 |
| eAPM avg | 22.0 |
| Villagers / military | 164 / 51 |
Focus
⚔️ 20.5% · 🌾 79.5%
Spearman ×29 · Mangonel ×7 · Trebuchet (Packed) ×7 · Knight ×5 · Scorpion ×2 · Battering Ram ×1
Feudal
—
Castle
—
Imperial
—
| APM avg | 20.0 |
| APM peak | 68 |
| eAPM avg | 13.0 |
| Villagers / military | 89 / 9 |
Focus
⚔️ 28.0% · 🌾 72.0%
Trebuchet (Packed) ×5 · Mangonel ×2 · Spearman ×2
Feudal
10:49
Castle
15:01
Imperial
27:34
| APM avg | 20.0 |
| APM peak | 74 |
| eAPM avg | 13.3 |
| Villagers / military | 83 / 45 |
Focus
⚔️ 26.2% · 🌾 73.8%
Battle Elephant ×29 · Karambit Warrior ×12 · Monk ×2 · Trebuchet (Packed) ×2
Feudal
10:41
Castle
29:58
Imperial
—
| APM avg | 59.4 |
| APM peak | 108 |
| eAPM avg | 37.5 |
| Villagers / military | 81 / 32 |
Focus
⚔️ 17.1% · 🌾 82.9%
Spearman ×21 · Scout Cavalry ×11
Feudal
10:14
Castle
14:47
Imperial
31:44
| APM avg | 19.1 |
| APM peak | 46 |
| eAPM avg | 14.4 |
| Villagers / military | 136 / 73 |
Focus
⚔️ 16.1% · 🌾 83.9%
Scorpion ×54 · Battering Ram ×10 · Monk ×4 · Trebuchet (Packed) ×3 · Mangonel ×2
Match map
Initial resources + every placement click. Lines = walls · curves = elevation contours. ◆ gold · ⬟ stone · ● berries · ✦ relic · ◌ wall gap
Your base· ✓ Closed at 14:14 · 0t walls · 3 gate(s)
SievZ's base· ✓ Closed at 14:58 · 0t walls · 3 gate(s)
Matasariano9065's base· ✓ Closed at 24:41 · 13t walls · 4 gate(s)
york pepper's base· ✓ Closed at 15:01 · 0t walls · 3 gate(s)
dthomas1's base· ✓ Closed at 29:58 · 5t walls · 2 gate(s)
CTM | Franco*'s base· ✓ Closed at 14:47 · 0t walls · 2 gate(s)
Smoothed initial terrain · ◌ = detected wall gap · hover for details
Inputs per minute
— PSX | King - - SievZ
Build order — PSX | King
First 150 of 259 actions detected
| 0:00 | Create | Villager (Male) |
| 0:00 | Create | Villager (Male) |
| 0:01 | Create | Villager (Male) |
| 0:02 | Build | House |
| 0:03 | Build | House |
| 0:06 | Create | Villager (Male) |
| 0:07 | Create | Villager (Male) |
| 1:22 | Create | Villager (Male) |
| 1:43 | Build | Lumber Camp |
| 1:57 | Create | Villager (Male) |
| 1:57 | Create | Villager (Male) |
| 2:16 | Create | Villager (Male) |
| 2:17 | Create | Villager (Male) |
| 2:45 | Create | Villager (Male) |
| 3:12 | Create | Villager (Male) |
| 3:12 | Create | Villager (Male) |
| 3:18 | Build | House |
| 3:18 | Build | House |
| 3:20 | Build | House |
| 3:26 | Create | Villager (Male) |
| 3:27 | Create | Villager (Male) |
| 3:53 | Create | Villager (Male) |
| 3:54 | Create | Villager (Male) |
| 4:14 | Create | Villager (Male) |
| 4:14 | Create | Villager (Male) |
| 4:48 | Build | Mill |
| 4:49 | Create | Villager (Male) |
| 5:11 | Create | Villager (Male) |
| 5:11 | Create | Villager (Male) |
| 5:55 | Create | Villager (Male) |
| 5:55 | Create | Villager (Male) |
| 5:57 | Build | Mill |
| 6:24 | Create | Villager (Male) |
| 6:57 | Create | Villager (Male) |
| 7:11 | Build | Mining Camp |
| 7:22 | Create | Villager (Male) |
| 7:57 | Research | Feudal Age |
| 8:26 | Create | Villager (Male) |
| 8:26 | Create | Villager (Male) |
| 10:07 | Age | Feudal Age |
| 10:12 | Build | Market |
| 10:28 | Build | Blacksmith |
| 11:34 | Research | Castle Age |
| 11:38 | Build | Pasture |
| 12:01 | Build | Pasture |
| 12:07 | Build | Pasture |
| 12:49 | Create | Villager (Male) |
| 12:51 | Research | Double-Bit Axe |
| 13:14 | Create | Villager (Male) |
| 13:19 | Build | Pasture |
| 13:28 | Build | Barracks |
| 13:53 | Research | Tech 1014 |
| 14:08 | Research | Forging |
| 14:14 | Age | Castle Age |
| 14:24 | Build | Stable |
| 14:25 | Create | Villager (Male) |
| 14:49 | Build | Pasture |
| 14:58 | Research | Scale Barding Armor |
| 14:58 | Research | Scale Barding Armor |
| 15:08 | Create | Camel Scout |
| 15:08 | Create | Camel Scout |
| 15:12 | Create | Steppe Lancer |
| 15:12 | Create | Steppe Lancer |
| 15:19 | Build | Pasture |
| 15:24 | Create | Villager (Male) |
| 15:25 | Create | Villager (Male) |
| 15:41 | Create | Villager (Male) |
| 15:50 | Create | Steppe Lancer |
| 15:50 | Create | Steppe Lancer |
| 15:59 | Build | Pasture |
| 16:09 | Create | Steppe Lancer |
| 16:26 | Create | Camel Scout |
| 16:26 | Create | Camel Scout |
| 16:34 | Build | Pasture |
| 16:35 | Create | Villager (Male) |
| 16:50 | Create | Camel Scout |
| 16:50 | Create | Camel Scout |
| 16:53 | Create | Villager (Male) |
| 16:54 | Create | Villager (Male) |
| 17:06 | Create | Camel Scout |
| 17:06 | Create | Camel Scout |
| 17:19 | Create | Villager (Male) |
| 17:32 | Create | Villager (Male) |
| 17:36 | Build | House |
| 17:37 | Build | House |
| 17:40 | Build | House |
| 17:42 | Build | House |
| 17:44 | Create | Camel Scout |
| 17:52 | Build | Pasture |
| 17:55 | Build | Pasture |
| 18:29 | Create | Camel Scout |
| 18:30 | Research | Husbandry |
| 18:31 | Create | Villager (Male) |
| 18:54 | Create | Villager (Male) |
| 18:57 | Create | Steppe Lancer |
| 18:57 | Create | Steppe Lancer |
| 19:13 | Create | Steppe Lancer |
| 19:13 | Create | Steppe Lancer |
| 19:26 | Create | Villager (Male) |
| 19:31 | Build | Pasture |
| 19:32 | Build | Pasture |
| 19:37 | Build | Pasture |
| 19:37 | Create | Villager (Male) |
| 19:40 | Build | House |
| 19:41 | Build | House |
| 19:48 | Create | Steppe Lancer |
| 19:59 | Create | Villager (Male) |
| 20:08 | Build | Pasture |
| 20:17 | Research | Iron Casting |
| 20:35 | Create | Steppe Lancer |
| 20:36 | Create | Steppe Lancer |
| 21:03 | Create | Steppe Lancer |
| 21:03 | Create | Steppe Lancer |
| 21:03 | Create | Villager (Male) |
| 21:04 | Create | Villager (Male) |
| 21:09 | Build | Pasture |
| 21:15 | Build | House |
| 21:16 | Build | House |
| 21:26 | Create | Steppe Lancer |
| 21:30 | Create | Villager (Male) |
| 21:34 | Research | Wheelbarrow |
| 21:37 | Create | Villager (Male) |
| 21:50 | Create | Steppe Lancer |
| 22:16 | Create | Steppe Lancer |
| 22:16 | Create | Villager (Male) |
| 22:36 | Create | Villager (Male) |
| 22:37 | Create | Steppe Lancer |
| 22:38 | Create | Steppe Lancer |
| 22:38 | Create | Steppe Lancer |
| 22:56 | Research | Chain Barding Armor |
| 22:57 | Create | Villager (Male) |
| 23:37 | Create | Villager (Male) |
| 23:37 | Create | Villager (Male) |
| 23:38 | Create | Villager (Male) |
| 23:48 | Build | House |
| 23:49 | Build | House |
| 23:50 | Build | House |
| 24:06 | Build | Stable |
| 24:06 | Build | Stable |
| 24:09 | Create | Steppe Lancer |
| 24:09 | Create | Steppe Lancer |
| 24:33 | Research | Tech 1013 |
| 24:33 | Research | Tech 1013 |
| 24:59 | Build | Mining Camp |
| 25:07 | Build | Lumber Camp |
| 25:29 | Build | House |
| 26:30 | Create | Steppe Lancer |
| 26:30 | Create | Steppe Lancer |
| 26:31 | Create | Steppe Lancer |
| 26:31 | Create | Steppe Lancer |
Build order — SievZ
First 150 of 382 actions detected
| 0:00 | Create | Villager (Male) |
| 0:00 | Create | Villager (Male) |
| 0:01 | Create | Villager (Male) |
| 0:02 | Build | House |
| 0:04 | Build | House |
| 0:25 | Create | Villager (Male) |
| 0:26 | Create | Villager (Male) |
| 1:18 | Build | Lumber Camp |
| 1:23 | Create | Villager (Male) |
| 1:23 | Create | Villager (Male) |
| 1:59 | Create | Villager (Male) |
| 1:59 | Create | Villager (Male) |
| 2:19 | Create | Villager (Male) |
| 2:20 | Create | Villager (Male) |
| 2:49 | Create | Villager (Male) |
| 2:49 | Create | Villager (Male) |
| 3:17 | Create | Villager (Male) |
| 3:38 | Create | Villager (Male) |
| 3:38 | Create | Villager (Male) |
| 4:00 | Create | Villager (Male) |
| 4:00 | Create | Villager (Male) |
| 4:00 | Create | Villager (Male) |
| 4:14 | Build | House |
| 4:22 | Create | Villager (Male) |
| 4:47 | Build | Mill |
| 5:04 | Create | Villager (Male) |
| 5:04 | Create | Villager (Male) |
| 5:39 | Create | Villager (Male) |
| 5:39 | Create | Villager (Male) |
| 5:39 | Create | Villager (Male) |
| 5:43 | Build | House |
| 6:21 | Build | Mill |
| 6:27 | Create | Villager (Male) |
| 7:13 | Create | Villager (Male) |
| 7:23 | Build | House |
| 7:47 | Create | Villager (Male) |
| 8:28 | Create | Villager (Male) |
| 8:32 | Build | Mining Camp |
| 8:34 | Create | Villager (Male) |
| 9:05 | Research | Feudal Age |
| 9:24 | Create | Villager (Male) |
| 9:24 | Create | Villager (Male) |
| 10:56 | Build | Farm |
| 11:05 | Build | Farm |
| 11:28 | Age | Feudal Age |
| 11:30 | Build | Market |
| 11:33 | Build | Blacksmith |
| 11:34 | Create | Villager (Male) |
| 11:40 | Build | Farm |
| 11:41 | Build | Farm |
| 12:05 | Build | Farm |
| 12:12 | Build | Farm |
| 12:17 | Research | Double-Bit Axe |
| 12:18 | Research | Castle Age |
| 12:48 | Create | Villager (Male) |
| 12:50 | Build | Farm |
| 13:42 | Build | Farm |
| 14:58 | Age | Castle Age |
| 15:03 | Build | Town Center |
| 15:04 | Create | Villager (Male) |
| 15:08 | Build | Town Center |
| 15:16 | Create | Villager (Male) |
| 15:36 | Create | Villager (Male) |
| 15:38 | Build | Farm |
| 15:54 | Build | House |
| 15:55 | Build | House |
| 15:56 | Build | House |
| 15:57 | Build | House |
| 16:14 | Create | Villager (Male) |
| 16:25 | Build | Siege Workshop |
| 16:28 | Create | Villager (Male) |
| 16:31 | Create | Villager (Male) |
| 16:31 | Create | Villager (Male) |
| 16:33 | Create | Villager (Male) |
| 16:33 | Research | Loom |
| 16:41 | Create | Villager (Male) |
| 16:41 | Create | Villager (Male) |
| 16:50 | Build | Farm |
| 16:52 | Build | Farm |
| 17:11 | Create | Villager (Male) |
| 17:12 | Create | Villager (Male) |
| 17:19 | Build | Farm |
| 17:28 | Create | Villager (Male) |
| 17:29 | Create | Villager (Male) |
| 17:38 | Create | Mangonel |
| 17:52 | Create | Villager (Male) |
| 17:54 | Build | Farm |
| 18:12 | Create | Villager (Male) |
| 18:12 | Create | Villager (Male) |
| 18:12 | Create | Villager (Male) |
| 18:25 | Build | Barracks |
| 19:09 | Create | Spearman |
| 19:10 | Create | Spearman |
| 19:11 | Create | Villager (Male) |
| 19:11 | Create | Villager (Male) |
| 19:13 | Create | Villager (Male) |
| 19:13 | Create | Villager (Male) |
| 19:16 | Build | Barracks |
| 19:25 | Create | Mangonel |
| 19:26 | Create | Villager (Male) |
| 19:30 | Build | House |
| 19:33 | Create | Villager (Male) |
| 19:34 | Create | Villager (Male) |
| 19:42 | Build | House |
| 19:44 | Create | Spearman |
| 19:51 | Create | Mangonel |
| 19:58 | Create | Spearman |
| 20:32 | Create | Mangonel |
| 20:37 | Create | Spearman |
| 20:37 | Create | Spearman |
| 20:58 | Create | Mangonel |
| 20:58 | Create | Villager (Male) |
| 20:59 | Create | Villager (Male) |
| 20:59 | Create | Villager (Male) |
| 20:59 | Create | Villager (Male) |
| 20:59 | Create | Villager (Male) |
| 21:03 | Build | Farm |
| 21:03 | Build | Farm |
| 21:03 | Build | Farm |
| 21:04 | Build | Farm |
| 21:04 | Build | Farm |
| 21:04 | Build | Farm |
| 21:04 | Build | Farm |
| 21:05 | Build | Farm |
| 21:26 | Build | House |
| 21:27 | Build | House |
| 21:28 | Build | House |
| 21:28 | Build | House |
| 21:28 | Build | House |
| 21:28 | Build | House |
| 21:29 | Build | House |
| 21:29 | Build | House |
| 21:29 | Build | House |
| 21:33 | Create | Villager (Male) |
| 21:33 | Create | Villager (Male) |
| 21:33 | Create | Villager (Male) |
| 21:36 | Build | House |
| 21:37 | Build | House |
| 21:38 | Build | House |
| 21:38 | Build | House |
| 21:38 | Build | House |
| 21:43 | Create | Villager (Male) |
| 21:46 | Build | House |
| 21:47 | Build | House |
| 21:47 | Build | House |
| 22:18 | Research | Pikeman (upgrade) |
| 22:21 | Create | Villager (Male) |
| 22:22 | Create | Villager (Male) |
| 22:28 | Build | Farm |
| 22:28 | Build | Farm |
Build order — Matasariano9065
First 150 of 180 actions detected
| 0:01 | Create | Villager (Male) |
| 0:01 | Create | Villager (Male) |
| 0:03 | Build | House |
| 0:04 | Build | House |
| 0:14 | Create | Villager (Male) |
| 0:14 | Create | Villager (Male) |
| 1:23 | Create | Villager (Male) |
| 2:02 | Create | Villager (Male) |
| 2:03 | Create | Villager (Male) |
| 2:16 | Create | Villager (Male) |
| 2:16 | Create | Villager (Male) |
| 2:25 | Build | Lumber Camp |
| 2:32 | Build | House |
| 2:45 | Create | Villager (Male) |
| 3:02 | Create | Villager (Male) |
| 3:34 | Create | Villager (Male) |
| 3:35 | Create | Villager (Male) |
| 4:06 | Create | Villager (Male) |
| 4:43 | Create | Villager (Male) |
| 4:44 | Create | Villager (Male) |
| 4:44 | Create | Villager (Male) |
| 4:44 | Create | Villager (Male) |
| 4:54 | Build | Mining Camp |
| 4:58 | Create | Villager (Male) |
| 5:45 | Create | Villager (Male) |
| 6:35 | Research | Feudal Age |
| 6:35 | Research | Feudal Age |
| 6:51 | Research | Loom |
| 7:24 | Build | House |
| 7:54 | Create | Villager (Male) |
| 7:55 | Create | Villager (Male) |
| 8:50 | Build | Watch Tower |
| 9:07 | Build | Blacksmith |
| 9:39 | Create | Villager (Male) |
| 9:51 | Build | Mill |
| 9:59 | Research | Fletching |
| 10:21 | Build | Watch Tower |
| 10:40 | Create | Villager (Male) |
| 11:07 | Build | Watch Tower |
| 11:42 | Build | Palisade Gate |
| 12:10 | Build | Watch Tower |
| 12:11 | Create | Villager (Male) |
| 12:57 | Build | Watch Tower |
| 13:07 | Create | Villager (Male) |
| 13:07 | Create | Villager (Male) |
| 13:31 | Create | Villager (Male) |
| 13:31 | Create | Villager (Male) |
| 14:11 | Create | Villager (Male) |
| 14:11 | Create | Villager (Male) |
| 15:02 | Build | Watch Tower |
| 15:09 | Create | Villager (Male) |
| 15:10 | Create | Villager (Male) |
| 15:19 | Build | Farm |
| 15:20 | Build | Farm |
| 15:21 | Build | House |
| 15:36 | Create | Villager (Male) |
| 15:36 | Create | Villager (Male) |
| 15:40 | Build | House |
| 15:42 | Create | Villager (Male) |
| 16:17 | Create | Villager (Male) |
| 16:17 | Create | Villager (Male) |
| 16:36 | Create | Villager (Male) |
| 16:44 | Build | House |
| 16:46 | Build | Farm |
| 17:06 | Build | Watch Tower |
| 17:10 | Build | Palisade Gate |
| 17:19 | Create | Villager (Male) |
| 18:30 | Create | Villager (Male) |
| 18:31 | Create | Villager (Male) |
| 18:31 | Create | Villager (Male) |
| 19:11 | Create | Villager (Male) |
| 19:12 | Create | Villager (Male) |
| 19:19 | Create | Villager (Male) |
| 19:28 | Build | Watch Tower |
| 19:35 | Create | Villager (Male) |
| 19:35 | Create | Villager (Male) |
| 19:41 | Build | Farm |
| 19:41 | Build | Farm |
| 19:41 | Build | Farm |
| 19:42 | Create | Villager (Male) |
| 20:01 | Create | Villager (Male) |
| 20:33 | Create | Villager (Male) |
| 20:41 | Build | Mining Camp |
| 20:43 | Create | Villager (Male) |
| 21:02 | Create | Villager (Male) |
| 21:17 | Create | Villager (Male) |
| 21:35 | Build | Farm |
| 21:35 | Build | Farm |
| 21:36 | Build | Farm |
| 21:36 | Create | Villager (Male) |
| 22:01 | Create | Villager (Male) |
| 22:02 | Create | Villager (Male) |
| 22:23 | Build | Watch Tower |
| 22:25 | Create | Villager (Male) |
| 22:26 | Create | Villager (Male) |
| 22:29 | Build | Farm |
| 22:30 | Build | Farm |
| 22:31 | Build | Farm |
| 22:31 | Create | Villager (Male) |
| 22:43 | Build | House |
| 22:45 | Build | House |
| 22:55 | Build | House |
| 22:56 | Build | House |
| 22:58 | Create | Villager (Male) |
| 23:07 | Build | House |
| 23:21 | Build | House |
| 23:23 | Build | Palisade Wall |
| 23:33 | Create | Villager (Male) |
| 23:44 | Build | Market |
| 24:07 | Build | House |
| 24:10 | Build | Palisade Wall |
| 24:41 | Research | Castle Age |
| 24:49 | Create | Villager (Male) |
| 25:06 | Build | House |
| 25:08 | Build | House |
| 25:09 | Build | House |
| 25:10 | Create | Villager (Male) |
| 25:23 | Research | Double-Bit Axe |
| 25:28 | Create | Villager (Male) |
| 26:03 | Create | Villager (Male) |
| 26:25 | Create | Villager (Male) |
| 26:25 | Create | Villager (Male) |
| 26:26 | Create | Villager (Male) |
| 26:38 | Build | House |
| 26:40 | Build | House |
| 26:40 | Build | House |
| 26:42 | Build | House |
| 26:44 | Build | House |
| 26:45 | Build | Palisade Wall |
| 26:53 | Create | Villager (Male) |
| 27:45 | Research | Bodkin Arrow |
| 27:50 | Build | University |
| 27:51 | Create | Villager (Male) |
| 28:03 | Create | Villager (Male) |
| 28:26 | Build | Castle |
| 28:33 | Create | Villager (Male) |
| 28:36 | Research | Guard Tower (upgrade) |
| 28:36 | Create | Villager (Male) |
| 28:53 | Create | Villager (Male) |
| 29:09 | Create | Villager (Male) |
| 29:54 | Build | Siege Workshop |
| 30:00 | Create | Villager (Male) |
| 30:14 | Build | Farm |
| 30:14 | Build | Farm |
| 30:14 | Build | Farm |
| 30:15 | Build | Farm |
| 30:16 | Create | Villager (Male) |
| 30:34 | Build | Mining Camp |
| 31:11 | Research | Imperial Age |
| 31:11 | Research | Imperial Age |
Build order — york pepper
First 150 of 255 actions detected
| 0:02 | Create | Villager (Male) |
| 0:02 | Create | Villager (Male) |
| 0:04 | Build | House |
| 0:06 | Build | House |
| 0:12 | Build | House |
| 0:14 | Create | Villager (Male) |
| 0:29 | Create | Villager (Male) |
| 1:37 | Create | Villager (Male) |
| 1:51 | Research | Loom |
| 1:58 | Build | Lumber Camp |
| 2:13 | Create | Villager (Male) |
| 2:19 | Research | Loom |
| 2:46 | Create | Villager (Male) |
| 3:10 | Create | Villager (Male) |
| 3:25 | Create | Villager (Male) |
| 4:11 | Create | Villager (Male) |
| 4:25 | Build | House |
| 4:26 | Build | House |
| 4:39 | Create | Villager (Male) |
| 4:40 | Create | Villager (Male) |
| 5:32 | Create | Villager (Male) |
| 5:56 | Create | Villager (Male) |
| 5:56 | Create | Villager (Male) |
| 6:44 | Create | Villager (Male) |
| 6:48 | Build | Mill |
| 7:20 | Create | Villager (Male) |
| 7:45 | Create | Villager (Male) |
| 8:11 | Create | Villager (Male) |
| 8:33 | Create | Villager (Male) |
| 8:56 | Create | Villager (Male) |
| 9:23 | Build | Farm |
| 9:25 | Build | Farm |
| 9:31 | Research | Feudal Age |
| 9:34 | Build | Farm |
| 10:35 | Build | House |
| 10:37 | Build | House |
| 10:43 | Create | Villager (Male) |
| 10:49 | Age | Feudal Age |
| 10:52 | Build | Mining Camp |
| 10:55 | Research | Loom |
| 10:57 | Create | Villager (Male) |
| 11:12 | Build | Market |
| 11:22 | Build | Blacksmith |
| 11:27 | Create | Villager (Male) |
| 12:14 | Create | Villager (Male) |
| 12:41 | Build | Mining Camp |
| 13:25 | Research | Castle Age |
| 14:02 | Create | Villager (Male) |
| 14:16 | Build | Farm |
| 14:16 | Build | Farm |
| 14:17 | Build | Farm |
| 14:17 | Build | Farm |
| 14:18 | Build | Farm |
| 14:18 | Build | Farm |
| 14:33 | Build | Farm |
| 14:34 | Build | Farm |
| 15:01 | Age | Castle Age |
| 15:02 | Create | Villager (Male) |
| 15:16 | Create | Villager (Male) |
| 15:27 | Create | Villager (Male) |
| 15:53 | Create | Villager (Male) |
| 16:01 | Build | Town Center |
| 16:08 | Create | Villager (Male) |
| 16:40 | Create | Villager (Male) |
| 16:44 | Build | House |
| 16:45 | Build | House |
| 16:47 | Build | House |
| 17:07 | Create | Villager (Male) |
| 17:30 | Build | Castle |
| 17:36 | Create | Villager (Male) |
| 17:36 | Create | Villager (Male) |
| 18:03 | Create | Villager (Male) |
| 18:04 | Create | Villager (Male) |
| 18:19 | Build | Farm |
| 18:26 | Build | Stone Wall |
| 18:28 | Build | Stone Wall |
| 18:35 | Build | Gate |
| 18:42 | Create | Villager (Male) |
| 18:42 | Create | Villager (Male) |
| 18:47 | Build | Farm |
| 19:13 | Create | Villager (Male) |
| 19:14 | Create | Villager (Male) |
| 19:14 | Create | Villager (Male) |
| 19:18 | Create | Villager (Male) |
| 19:30 | Build | Mill |
| 19:39 | Create | Karambit Warrior |
| 19:42 | Create | Karambit Warrior |
| 19:44 | Create | Karambit Warrior |
| 19:48 | Create | Villager (Male) |
| 19:49 | Create | Villager (Male) |
| 20:08 | Build | Monastery |
| 20:14 | Create | Villager (Male) |
| 20:19 | Build | Farm |
| 20:20 | Build | Farm |
| 20:22 | Build | Farm |
| 20:40 | Create | Karambit Warrior |
| 20:40 | Create | Karambit Warrior |
| 20:41 | Create | Karambit Warrior |
| 20:52 | Create | Monk |
| 21:00 | Create | Villager (Male) |
| 21:00 | Create | Villager (Male) |
| 21:03 | Build | Farm |
| 21:14 | Research | Double-Bit Axe |
| 21:24 | Research | Horse Collar |
| 21:32 | Research | Forging |
| 21:44 | Build | Barracks |
| 22:00 | Create | Monk |
| 23:06 | Create | Villager (Male) |
| 23:07 | Create | Villager (Male) |
| 23:07 | Create | Villager (Male) |
| 23:14 | Build | Stable |
| 23:15 | Build | Stable |
| 23:16 | Build | Stable |
| 24:10 | Create | Battle Elephant |
| 24:11 | Create | Battle Elephant |
| 24:11 | Create | Battle Elephant |
| 24:35 | Build | Town Center |
| 24:47 | Research | Wheelbarrow |
| 24:51 | Create | Villager (Male) |
| 25:40 | Research | Imperial Age |
| 26:00 | Create | Karambit Warrior |
| 26:00 | Create | Karambit Warrior |
| 26:27 | Build | Mill |
| 26:36 | Build | Farm |
| 26:36 | Build | Farm |
| 26:36 | Build | Farm |
| 26:36 | Build | Farm |
| 26:37 | Build | Farm |
| 26:37 | Build | Farm |
| 26:37 | Build | Farm |
| 26:54 | Create | Villager (Male) |
| 26:55 | Create | Villager (Male) |
| 26:55 | Create | Villager (Male) |
| 27:10 | Build | Farm |
| 27:10 | Build | Farm |
| 27:11 | Build | Farm |
| 27:11 | Build | Farm |
| 27:11 | Build | Farm |
| 27:22 | Research | Heavy Plow |
| 27:27 | Create | Villager (Male) |
| 27:27 | Create | Villager (Male) |
| 27:34 | Age | Imperial Age |
| 27:36 | Build | Farm |
| 27:36 | Build | Farm |
| 27:37 | Build | Farm |
| 27:46 | Create | Trebuchet (Packed) |
| 27:59 | Build | Gate |
| 28:14 | Research | Husbandry |
| 28:25 | Create | Villager (Male) |
| 28:26 | Create | Villager (Male) |
Build order — dthomas1
First 150 of 240 actions detected
| 0:01 | Create | Villager (Male) |
| 0:01 | Create | Villager (Male) |
| 0:01 | Create | Villager (Male) |
| 0:02 | Create | Villager (Male) |
| 0:03 | Build | House |
| 0:04 | Build | House |
| 1:30 | Create | Villager (Male) |
| 2:16 | Create | Villager (Male) |
| 2:16 | Create | Villager (Male) |
| 2:17 | Create | Villager (Male) |
| 2:30 | Build | Lumber Camp |
| 3:09 | Create | Villager (Male) |
| 3:09 | Create | Villager (Male) |
| 3:38 | Build | House |
| 3:40 | Create | Villager (Male) |
| 4:05 | Create | Villager (Male) |
| 4:05 | Create | Villager (Male) |
| 4:47 | Build | Mill |
| 5:31 | Create | Villager (Male) |
| 5:31 | Create | Villager (Male) |
| 6:03 | Build | House |
| 6:24 | Create | Villager (Male) |
| 6:24 | Create | Villager (Male) |
| 6:35 | Build | Lumber Camp |
| 7:13 | Build | Mill |
| 7:16 | Create | Villager (Male) |
| 7:17 | Create | Villager (Male) |
| 7:48 | Build | House |
| 8:06 | Research | Loom |
| 8:22 | Research | Feudal Age |
| 8:58 | Build | House |
| 9:07 | Build | Mining Camp |
| 10:34 | Create | Villager (Male) |
| 10:34 | Create | Villager (Male) |
| 10:41 | Age | Feudal Age |
| 10:45 | Build | Blacksmith |
| 10:50 | Build | Farm |
| 10:51 | Create | Villager (Male) |
| 10:55 | Build | Farm |
| 10:56 | Research | Double-Bit Axe |
| 11:02 | Build | Farm |
| 11:20 | Create | Villager (Male) |
| 11:22 | Build | Farm |
| 11:32 | Build | Watch Tower |
| 11:38 | Create | Villager (Male) |
| 11:40 | Build | Farm |
| 11:45 | Research | Horse Collar |
| 11:57 | Research | Fletching |
| 12:13 | Build | Watch Tower |
| 12:32 | Build | Farm |
| 12:48 | Build | Farm |
| 13:07 | Create | Villager (Male) |
| 13:12 | Build | Farm |
| 13:14 | Build | Farm |
| 13:27 | Create | Villager (Male) |
| 13:34 | Build | House |
| 13:56 | Build | Market |
| 13:57 | Create | Villager (Male) |
| 14:32 | Create | Villager (Male) |
| 14:32 | Create | Villager (Male) |
| 14:47 | Build | House |
| 14:49 | Build | Farm |
| 14:51 | Build | Farm |
| 14:53 | Build | Farm |
| 14:54 | Create | Villager (Male) |
| 14:59 | Build | Palisade Wall |
| 15:03 | Create | Villager (Male) |
| 15:21 | Build | Mill |
| 15:22 | Build | Farm |
| 15:23 | Build | Farm |
| 15:40 | Build | Farm |
| 15:47 | Build | Farm |
| 15:52 | Build | Mining Camp |
| 15:58 | Create | Villager (Male) |
| 16:18 | Build | House |
| 16:21 | Create | Villager (Male) |
| 16:33 | Create | Villager (Male) |
| 16:53 | Create | Villager (Male) |
| 17:10 | Build | Watch Tower |
| 17:55 | Build | House |
| 17:59 | Build | House |
| 18:07 | Build | House |
| 18:25 | Create | Villager (Male) |
| 18:25 | Create | Villager (Male) |
| 18:37 | Create | Villager (Male) |
| 19:05 | Build | House |
| 19:07 | Build | House |
| 19:10 | Build | House |
| 19:12 | Build | House |
| 19:24 | Build | Farm |
| 19:25 | Build | Farm |
| 19:26 | Build | Farm |
| 19:29 | Build | Farm |
| 19:30 | Build | Farm |
| 19:58 | Build | Farm |
| 20:01 | Build | Farm |
| 20:03 | Build | Farm |
| 20:07 | Build | Farm |
| 20:09 | Create | Villager (Male) |
| 20:12 | Build | House |
| 20:13 | Build | House |
| 21:02 | Build | House |
| 21:05 | Build | Palisade Wall |
| 21:13 | Build | Lumber Camp |
| 21:20 | Build | Farm |
| 21:22 | Create | Villager (Male) |
| 21:32 | Create | Villager (Male) |
| 21:34 | Build | Barracks |
| 21:35 | Build | Barracks |
| 21:42 | Build | Farm |
| 22:00 | Create | Villager (Male) |
| 22:23 | Create | Spearman |
| 22:23 | Create | Spearman |
| 22:26 | Build | House |
| 22:27 | Build | Palisade Wall |
| 22:29 | Build | Palisade Wall |
| 22:40 | Build | Lumber Camp |
| 22:56 | Build | Mill |
| 22:56 | Build | Farm |
| 23:24 | Create | Villager (Male) |
| 23:41 | Create | Spearman |
| 23:41 | Create | Spearman |
| 23:59 | Build | Farm |
| 24:01 | Build | Farm |
| 24:07 | Create | Spearman |
| 24:07 | Create | Spearman |
| 24:08 | Create | Villager (Male) |
| 24:09 | Create | Villager (Male) |
| 24:17 | Create | Villager (Male) |
| 24:17 | Create | Villager (Male) |
| 24:17 | Create | Villager (Male) |
| 24:33 | Research | Scale Mail Armor |
| 24:42 | Create | Villager (Male) |
| 24:45 | Build | Farm |
| 24:50 | Build | Farm |
| 24:53 | Create | Villager (Male) |
| 25:00 | Build | Palisade Wall |
| 25:23 | Build | Market |
| 25:31 | Create | Villager (Male) |
| 25:34 | Create | Spearman |
| 25:35 | Create | Spearman |
| 26:02 | Create | Spearman |
| 26:02 | Create | Spearman |
| 27:06 | Create | Spearman |
| 27:06 | Create | Spearman |
| 27:18 | Research | Castle Age |
| 27:26 | Create | Spearman |
| 27:26 | Create | Spearman |
| 27:31 | Create | Villager (Male) |
| 27:31 | Create | Villager (Male) |
Build order — CTM | Franco*
First 150 of 298 actions detected
| 0:02 | Create | Villager (Male) |
| 0:02 | Create | Villager (Male) |
| 0:02 | Create | Villager (Male) |
| 0:03 | Create | Villager (Male) |
| 0:03 | Create | Villager (Male) |
| 0:07 | Build | House |
| 0:09 | Build | House |
| 1:23 | Create | Villager (Male) |
| 1:23 | Create | Villager (Male) |
| 1:55 | Create | Villager (Male) |
| 1:56 | Create | Villager (Male) |
| 2:14 | Build | House |
| 2:15 | Build | House |
| 2:30 | Create | Villager (Male) |
| 2:31 | Create | Villager (Male) |
| 2:47 | Build | Lumber Camp |
| 2:57 | Create | Villager (Male) |
| 2:57 | Create | Villager (Male) |
| 2:57 | Create | Villager (Male) |
| 3:54 | Create | Villager (Male) |
| 3:54 | Create | Villager (Male) |
| 4:05 | Create | Villager (Male) |
| 4:06 | Create | Villager (Male) |
| 4:06 | Create | Villager (Male) |
| 5:23 | Create | Villager (Male) |
| 5:23 | Create | Villager (Male) |
| 5:24 | Create | Villager (Male) |
| 5:41 | Build | Mill |
| 5:53 | Create | Villager (Male) |
| 6:35 | Create | Villager (Male) |
| 6:51 | Create | Villager (Male) |
| 7:46 | Build | Mining Camp |
| 8:00 | Research | Feudal Age |
| 9:36 | Research | Loom |
| 10:14 | Age | Feudal Age |
| 11:08 | Build | Market |
| 11:14 | Build | Blacksmith |
| 11:17 | Create | Villager (Male) |
| 11:18 | Create | Villager (Male) |
| 11:55 | Research | Castle Age |
| 12:22 | Research | Double-Bit Axe |
| 12:40 | Build | Farm |
| 12:47 | Build | Farm |
| 13:06 | Build | Farm |
| 13:18 | Research | Horse Collar |
| 13:22 | Build | Farm |
| 13:25 | Build | Farm |
| 14:00 | Research | Gold Mining |
| 14:32 | Create | Villager (Male) |
| 14:32 | Create | Villager (Male) |
| 14:46 | Create | Villager (Male) |
| 14:47 | Age | Castle Age |
| 14:54 | Build | House |
| 14:55 | Build | House |
| 15:05 | Research | Wheelbarrow |
| 15:12 | Build | Monastery |
| 15:14 | Create | Villager (Male) |
| 15:38 | Create | Villager (Male) |
| 15:45 | Build | House |
| 15:46 | Build | House |
| 15:57 | Create | Monk |
| 16:01 | Research | Fervor |
| 16:05 | Build | Farm |
| 16:21 | Build | Town Center |
| 16:23 | Create | Villager (Male) |
| 16:41 | Create | Villager (Male) |
| 16:48 | Build | House |
| 16:49 | Build | House |
| 17:35 | Build | Siege Workshop |
| 17:36 | Create | Villager (Male) |
| 17:37 | Create | Villager (Male) |
| 17:42 | Create | Villager (Male) |
| 17:43 | Create | Villager (Male) |
| 17:48 | Build | Farm |
| 18:01 | Create | Villager (Male) |
| 18:14 | Create | Villager (Male) |
| 18:18 | Build | Farm |
| 18:34 | Build | Mining Camp |
| 18:39 | Create | Mangonel |
| 18:44 | Create | Villager (Male) |
| 18:44 | Create | Villager (Male) |
| 19:06 | Create | Scorpion |
| 19:06 | Create | Scorpion |
| 19:08 | Create | Villager (Male) |
| 19:20 | Create | Villager (Male) |
| 19:32 | Build | Farm |
| 19:33 | Create | Villager (Male) |
| 19:41 | Build | Stone Wall |
| 19:46 | Create | Villager (Male) |
| 19:51 | Create | Monk |
| 20:08 | Build | Farm |
| 20:14 | Create | Scorpion |
| 20:14 | Create | Scorpion |
| 20:26 | Create | Villager (Male) |
| 20:30 | Build | Farm |
| 20:31 | Build | Farm |
| 20:32 | Build | Farm |
| 20:33 | Build | Farm |
| 20:35 | Build | Farm |
| 20:36 | Create | Villager (Male) |
| 20:42 | Create | Mangonel |
| 20:55 | Create | Villager (Male) |
| 20:55 | Create | Villager (Male) |
| 20:55 | Create | Villager (Male) |
| 21:02 | Create | Villager (Male) |
| 21:22 | Create | Villager (Male) |
| 21:23 | Create | Villager (Male) |
| 21:40 | Build | Town Center |
| 21:54 | Build | House |
| 22:05 | Create | Villager (Male) |
| 22:05 | Create | Villager (Male) |
| 22:06 | Create | Villager (Male) |
| 22:06 | Create | Villager (Male) |
| 22:06 | Create | Villager (Male) |
| 22:28 | Build | Farm |
| 22:28 | Create | Villager (Male) |
| 22:29 | Create | Villager (Male) |
| 22:29 | Create | Villager (Male) |
| 22:32 | Build | Farm |
| 22:34 | Build | Farm |
| 22:35 | Create | Villager (Male) |
| 22:35 | Create | Villager (Male) |
| 22:41 | Create | Villager (Male) |
| 23:15 | Build | Stone Wall |
| 23:18 | Create | Villager (Male) |
| 23:18 | Create | Villager (Male) |
| 23:18 | Create | Villager (Male) |
| 23:19 | Create | Villager (Male) |
| 23:22 | Build | Farm |
| 23:24 | Build | Farm |
| 23:35 | Create | Villager (Male) |
| 23:35 | Create | Villager (Male) |
| 23:36 | Create | Villager (Male) |
| 23:39 | Build | Farm |
| 23:41 | Create | Villager (Male) |
| 23:44 | Build | House |
| 23:48 | Create | Villager (Male) |
| 24:00 | Build | Farm |
| 24:05 | Create | Villager (Male) |
| 24:05 | Create | Villager (Male) |
| 24:06 | Create | Villager (Male) |
| 24:08 | Build | Farm |
| 24:15 | Build | House |
| 24:16 | Build | House |
| 24:17 | Build | House |
| 24:27 | Create | Villager (Male) |
| 24:30 | Build | Farm |
| 24:34 | Build | Farm |
| 24:41 | Research | Bow Saw |
| 24:47 | Build | Lumber Camp |
Match timeline
| 10:07 | PSX | King · age_up feudal |
| 10:14 | CTM | Franco* · age_up feudal |
| 10:41 | dthomas1 · age_up feudal |
| 10:49 | york pepper · age_up feudal |
| 11:28 | SievZ · age_up feudal |
| 12:17 | york pepper · first_market_sell 100 wood |
| 12:19 | york pepper · first_market_buy 100 food |
| 13:28 | PSX | King · first_building Barracks |
| 13:57 | PSX | King · first_market_buy 100 wood |
| 14:14 | PSX | King · age_up castle |
| 14:24 | PSX | King · first_building Stable |
| 14:47 | CTM | Franco* · age_up castle |
| 14:58 | SievZ · age_up castle |
| 14:59 | dthomas1 · wall_segment Palisade Wall x1 |
| 15:01 | york pepper · age_up castle |
| 15:12 | CTM | Franco* · first_building Monastery |
| 16:25 | SievZ · first_building Siege Workshop |
| 16:25 | dthomas1 · first_market_sell 100 wood |
| 16:27 | dthomas1 · first_market_buy 100 stone |
| 17:30 | york pepper · first_building Castle |
| 17:35 | CTM | Franco* · first_building Siege Workshop |
| 18:25 | SievZ · first_building Barracks |
| 18:26 | york pepper · wall_segment Stone Wall x1 |
| 18:28 | york pepper · wall_segment Stone Wall x1 |
| 19:41 | CTM | Franco* · wall_segment Stone Wall x12 |
| 20:08 | york pepper · first_building Monastery |
| 21:05 | dthomas1 · wall_segment Palisade Wall x1 |
| 21:34 | dthomas1 · first_building Barracks |
| 21:44 | york pepper · first_building Barracks |
| 22:27 | dthomas1 · wall_segment Palisade Wall x1 |
| 22:29 | dthomas1 · wall_segment Palisade Wall x1 |
| 22:55 | PSX | King · first_market_sell 100 stone |
| 23:14 | york pepper · first_building Stable |
| 23:15 | CTM | Franco* · wall_segment Stone Wall x1 |
| 23:23 | Matasariano9065 · wall_segment Palisade Wall x1 |
| 24:10 | Matasariano9065 · wall_segment Palisade Wall x12 |
| 25:00 | dthomas1 · wall_segment Palisade Wall x1 |
| 25:46 | york pepper · tribute_sent a jugador 1 |
| 25:46 | york pepper · tribute_sent a jugador 2 |
| 25:46 | york pepper · tribute_sent a jugador 4 |
| 25:46 | york pepper · tribute_sent a jugador 5 |
| 25:46 | york pepper · tribute_sent a jugador 6 |
| 26:44 | CTM | Franco* · first_building Castle |
| 26:45 | Matasariano9065 · wall_segment Palisade Wall x1 |
| 27:34 | york pepper · age_up imperial |
| 28:26 | Matasariano9065 · first_building Castle |
| 28:35 | york pepper · first_building Siege Workshop |
| 29:26 | SievZ · tribute_sent a jugador 2 |
| 29:26 | SievZ · tribute_sent a jugador 3 |
| 29:26 | SievZ · tribute_sent a jugador 4 |
| 29:26 | SievZ · tribute_sent a jugador 5 |
| 29:26 | SievZ · tribute_sent a jugador 6 |
| 29:53 | SievZ · first_building Castle |
| 29:54 | Matasariano9065 · first_building Siege Workshop |
| 29:58 | dthomas1 · age_up castle |
| 30:03 | PSX | King · first_building Monastery |
| 31:01 | Matasariano9065 · first_market_sell 100 stone |
| 31:04 | SievZ · first_market_sell 100 food |
| 31:06 | SievZ · first_market_buy 100 wood |
| 31:44 | CTM | Franco* · age_up imperial |
| 32:05 | dthomas1 · wall_segment Palisade Wall x1 |
| 32:29 | dthomas1 · first_building Stable |
| 33:08 | SievZ · first_building Stable |
| 33:14 | PSX | King · tribute_sent a jugador 1 |
| 33:14 | PSX | King · tribute_sent a jugador 2 |
| 33:14 | PSX | King · tribute_sent a jugador 3 |
| 33:14 | PSX | King · tribute_sent a jugador 5 |
| 33:14 | PSX | King · tribute_sent a jugador 6 |
| 34:22 | SievZ · age_up imperial |
| 34:23 | PSX | King · age_up imperial |
| 34:33 | york pepper · tribute_sent a jugador 1 |
| 34:33 | york pepper · tribute_sent a jugador 2 |
| 34:33 | york pepper · tribute_sent a jugador 4 |
| 34:33 | york pepper · tribute_sent a jugador 5 |
| 34:33 | york pepper · tribute_sent a jugador 6 |
| 35:56 | Matasariano9065 · first_building Barracks |
| 36:21 | york pepper · wall_segment Stone Wall x4 |
| 37:58 | Matasariano9065 · first_market_buy 100 stone |
| 38:24 | SievZ · resign |
[ AI ANALYSIS · 1 CREDIT ]
What really happened in this match?
Wolo.gg analyzes every decision: build order, eco, micro, common mistakes by bracket. Personalized analysis on WhatsApp or Discord in 30 seconds.
Civ guide
Khitans
Perfil
Jugador #9733677